 Dungeon Crawl Stone Soup version 0.28-a0-1594-ga885d4b3d6 (webtiles) character file.

Game seed: 9721305717870550902

12620 issech the Cleaver (level 11, -28/111 HPs)
             Began as a Troll Fighter on Jan 21, 2022.
             Annihilated by an orc warlord (41 damage)
             ... in a bailey.
             The game lasted 01:10:46 (10437 turns).

issech the Cleaver (Troll Fighter)                 Turns: 10437, Time: 01:10:48

Health: -28/111    AC: 14    Str: 26    XL:     11   Next: 64%
Magic:  10/10      EV: 11    Int:  8    God:
Gold:   743        SH:  9    Dex: 13    Spells: 10/10 levels left

rFire   x . .      SeeInvis .   z - +9 hand axe "Erghiqol" {drain, rCorr}
rCold   + . .      Faith    .   c - +0 kite shield
rNeg    . . .      Spirit   .   q - +0 steam dragon scales
rPois   .          Reflect  .   h - +2 hat
rElec   .          Harm     .   B - +2 cloak {Stlth+}
rCorr   +          Rampage  .   (gloves unavailable)
Will    .....                   (boots unavailable)
Stlth   +++.......              A - amulet of Vitality {Regen+ HP+15}
HPRegen 1.88/turn               d - ring "Xuism" {Int+6 Slay+2}
MPRegen 0.12/turn               Z - ring of ice

@: no status effects
A: large, unfitting armour, claws 3, regeneration 1, shaggy fur 1, tough skin 1,
iridescent scales 1, dopey 1, frail 1
a: no special abilities


You were in a bailey.
You visited 1 branch of the dungeon, and saw 10 of its levels.
You also visited: Bailey.

You collected 743 gold pieces.

Inventory:

Hand Weapons
 j - a +1 arbalest of freezing
 l - a +1 vampiric whip
 n - a +1 mace of freezing
 v - a +2 shortbow of freezing
 y - a +1 hunting sling of flaming
 z - the +9 hand axe "Erghiqol" (weapon) {drain, rCorr}
   (You took it off an orc on level 3 of the Dungeon)

   A truly terrible weapon, it drains the life of any living foe it strikes.
   rCorr:     It protects you from acid and corrosion.
 I - a +3 great sword of electrocution
 M - a +0 longbow
Missiles
 f - 58 poisoned darts (quivered)
 g - 457 stones
 i - 54 bolts
 k - 189 arrows
 x - 7 boomerangs
 L - 2 large rocks
 O - 3 throwing nets
Armour
 c - a +0 kite shield (worn)
 h - a +2 hat (worn)
 p - a scarf of resistance
 q - +0 steam dragon scales (worn)
 B - a +2 cloak of stealth (worn)
 C - a scarf of harm
 S - a +0 troll leather armour
Magical Staves
 W - a staff of earth
Jewellery
 d - the ring "Xuism" (left claw) {Int+6 Slay+2}
   (You took it off a centaur on level 4 of the Dungeon)

   [ring of intelligence]

   Int:       It affects your intelligence (+6).
   Slay:      It affects your accuracy & damage with ranged weapons and melee
   (+2).
 A - the amulet of Vitality (around neck) {Regen+ HP+15}
   (You took it off an orc on level 8 of the Dungeon)

   [amulet of regeneration]

   HP:        It affects your health (+15).
   Regen:     It increases your rate of health regeneration.
 X - an amulet of faith
 Z - a ring of ice (right claw)
Wands
 a - a wand of iceblast (7)
 m - a wand of polymorph (17)
 w - a wand of charming (11)
 J - a wand of mindburst (6)
 R - a wand of paralysis (9)
Scrolls
 b - a scroll of magic mapping
 r - a scroll of brand weapon
 u - 2 scrolls of identify
 D - a scroll of teleportation
 F - 5 scrolls of amnesia
 G - a scroll of fear
 P - a scroll of immolation
 Y - 3 scrolls of vulnerability
Potions
 e - 3 potions of brilliance
 o - 2 potions of mutation
 s - 3 potions of heal wounds
 t - 3 potions of degeneration
 H - 2 potions of invisibility
 N - a potion of lignification
 Q - 2 potions of curing
 T - a potion of cancellation
 U - 2 potions of haste
 V - a potion of magic
Miscellaneous
 E - a lightning rod (4/4)
 K - a box of beasts


   Skills:
 + Level 6.9 Fighting
 + Level 9.1(9.5) Axes
 + Level 4.7(8.0) Maces & Flails
 + Level 0.6 Crossbows
 + Level 2.7 Throwing
 + Level 6.9 Dodging
 + Level 3.1 Stealth
 + Level 6.7 Shields
 + Level 0.6 Unarmed Combat


You had 10 spell levels left.
You didn't know any spells.
Your spell library contained the following spells:

 Spells                   Type           Power      Damage    Failure   Level
 Beastly Appendage        Tmut           0%         N/A       65%         1
 Sting                    Tmut/Pois      0%         1d3       65%         1
 Poisonous Vapours        Pois/Air       0%         N/A       80%         2
 Wereblood                Tmut           0%         N/A       80%         2
 Gell's Gravitas          Tloc           0%         N/A       95%         3
 Ignite Poison            Fire/Tmut/Pois 0%         N/A       95%         3
 Lesser Beckoning         Tloc           0%         N/A       95%         3
 Mephitic Cloud           Conj/Pois/Air  0%         N/A       95%         3
 Spider Form              Tmut/Pois      0%         N/A       95%         3
 Teleport Other           Tloc           0%         N/A       95%         3
 Tukima's Dance           Hex            0%         N/A       95%         3
 Anguish                  Hex/Necr       0%         N/A       100%        4
 Olgreb's Toxic Radiance  Pois           0%         N/A       100%        4
 Fireball                 Conj/Fire      0%         3d3       100%        5
 Freezing Cloud           Conj/Ice/Air   0%         6-21      100%        5
 Iskenderun's Battlesphe  Conj           0%         2d6       100%        5
 Conjure Ball Lightning   Conj/Air       0%         3x3d6     100%        6
 Enfeeble                 Hex            0%         N/A       100%        7
 Orb of Destruction       Conj           0%         9d5       100%        7


Dungeon Overview and Level Annotations

Branches:
Dungeon (10/15)            Temple (0/1) D:5            Lair (0/6) D:10
 Bailey (1/1)
    Orc: D:9-12

Altars:
Sif Muna
Wu Jian
Zin
Beogh


Innate Abilities, Weirdness & Mutations

You are too large for most types of armour.
You have claws for hands.
Your natural rate of healing is unusually fast.
You are covered in fur. (AC +1)
You have tough skin. (AC +1)
You are partially covered in iridescent scales. (AC +2)
You are dopey. (Int -2)
You are frail. (-10% HP)


Message History

You block the orc warrior's attack.
There is an open door, spattered with blood here.
Items here: ))))))) [[[[[[[.
The orc knight no longer looks unusually strong.
The orc warlord roars a battlecry!
The orc knight goes into a battle-frenzy!
You hit the orc warrior. You drain the orc warrior.
The orc warrior is lightly wounded.
The orc warlord hits you with a +0 great sword!!
You block the orc warlord's attack.
You hit the orc warlord.
The orc warlord is lightly wounded.
The orc warlord hits you but does no damage.
You hit the orc warlord. You drain the orc warlord.
The orc warlord is lightly wounded.
The orc warlord hits you with a +0 great sword!!
The orc warlord no longer looks unusually strong.
The orc warlord roars a battlecry!
The orc warlord roars a battlecry!
The orc knight roars a battlecry!
The orc warlord goes into a battle-frenzy!
The orc knight no longer looks unusually strong.
The orc knight seems less drained.
The orc warlord roars a battlecry!
The orc knight goes into a battle-frenzy!
There is an open door, spattered with blood here.
Items here: ))))) [[[[[ ÷÷.
You slash the orc warlord! You drain the orc warlord.
The orc warlord is lightly wounded.
The orc warlord hits you with a +0 great sword!!!
You barely miss the orc warlord.
The orc warlord is lightly wounded.
The orc warlord hits you with a +0 great sword.
You completely miss the orc warlord.
The orc warlord is lightly wounded.
You barely miss the orc knight.
The orc knight hits you with a +0 broad axe!!
* * * LOW HITPOINT WARNING * * *
The orc warlord hits you with a +0 great sword!!!
You die...

##.........##
###.....⌠.....#######
..##)........##.....##
..)).........).......#
...##.......##)......##
....#.......#.........#
....##88.88##.........##
.....###)###.....⌠.....#
....###...###...@.....##
....#.......#...oo....#
...##.......##..g....##
...#.........#.......#
..##.........##...).##
###...........####)##
..##.........##....)##
...#.........#.......#
...## ##.......##


You could see an orc warlord (strong, drained), an orc knight (strong) and a
goblin.

Vanquished Creatures
  Gastronok (D:8)
  2 centaur warriors (D:8)
  3 two-headed ogres (D:8)
  A deep elf pyromancer (D:8)
  2 ugly things
  Maggie (D:10)
  A troll (D:10)
  A wraith (D:10)
  A yak (D:8)
  Eustachio (D:5)
  3 steam dragons
  A vampire mosquito (D:8)
  Menkaure (D:7)
  3 water moccasins
  14 orc warriors
  2 black bears (D:10)
  2 necrophages
  The ghost of greynaab the Poker, an amateur GnCK of Xom (D:3)
  2 sky beasts
  A hornet zombie (D:8)
  2 ogres
  5 centaurs
  A phantom (D:7)
  4 kobold brigands
  A wyvern zombie (D:6)
  4 bullfrogs
  3 scorpions
  7 wights
  6 electric eels (D:9)
  3 howler monkeys
  2 centaur zombies
  A bullfrog zombie (D:6)
  7 hounds
  7 orc priests
  2 gnoll shamans
  A centaur skeleton (D:7)
  2 iguanas
  Terence (D:2)
  Ijyb (D:4)
  Natasha (twice) (D:3)
  9 orc wizards
  A killer bee zombie (D:7)
  A hound zombie (D:5)
  A hound skeleton (D:4)
  Robin (D:4)
  A howler monkey skeleton (D:7)
  A howler monkey zombie (D:10)
  23 gnolls
  6 adders
  3 shadow imps
  A white imp (D:8)
  A dart slug (D:1)
  2 worms (D:4)
  48 orcs
  3 ball pythons
  4 endoplasms
  3 giant cockroaches
  45 goblins
  12 hobgoblins
  4 jackals (D:3)
  A quokka (D:1)
  7 bats
  2 frilled lizards
  14 kobolds
  10 rats
310 creatures vanquished.

Vanquished Creatures (collateral kills)
  A hobgoblin (D:2)
1 creature vanquished.

Vanquished Creatures (others)
  14 fungi (D:10)
  10 plants (D:10)
24 creatures vanquished.

Grand Total: 335 creatures vanquished

Notes
Turn   | Place    | Note
-------+----------+-------------------------------------------
     0 | D:1      | issech the Troll Fighter began the quest for the Orb.
     0 | D:1      | Reached XP level 1. HP: 22/22 MP: 0/0
   170 | D:1      | Reached XP level 2. HP: 29/29 MP: 1/1
   789 | D:2      | Reached XP level 3. HP: 36/36 MP: 2/2
   797 | D:2      | Noticed Terence
   836 | D:2      | Killed Terence
   937 | D:2      | Reached XP level 4. HP: 44/44 MP: 3/3
  1252 | D:3      | Noticed an ogre
  1285 | D:3      | Killed an ogre
  1286 | D:3      | Reached XP level 5. HP: 53/53 MP: 4/4
  1623 | D:3      | Found a runed translucent gate.
  1635 | D:3      | Found a runed translucent gate.
  1660 | D:3      | Noticed Natasha
  1689 | D:3      | Killed Natasha
  1722 | D:3      | Found a runed translucent gate.
  1724 | D:3      | Noticed greynaab's ghost (amateur GnCK)
  1730 | D:3      | Identified the +9 hand axe "Erghiqol" {drain, rCorr}
  1730 | D:3      | Identified the +1 chain mail "Meapryel" {+Inv Will+ MP-9
                  | Str+3}
  1782 | D:3      | Noticed Natasha
  1790 | D:3      | Killed Natasha
  2163 | D:3      | Reached XP level 6. HP: 56/61 MP: 5/5
  2289 | D:3      | Killed greynaab's ghost
  2514 | D:4      | Found a large runed translucent door.
  2514 | D:4      | Found a large runed translucent door.
  2580 | D:4      | Identified the ring "Xuism" {Int+6 Slay+2}
  2602 | D:4      | Noticed a water moccasin
  2617 | D:4      | Killed a water moccasin
  2618 | D:4      | HP: 3/62 [poisoned by a water moccasin]
  2623 | D:4      | HP: 3/62 [poisoned by a water moccasin]
  2773 | D:4      | Reached XP level 7. HP: 67/68 MP: 6/6
  2972 | D:4      | Found a large runed translucent door.
  2979 | D:4      | Found a large runed translucent door.
  3108 | D:4      | Reached skill level 1 in Axes
  3200 | D:4      | Noticed Robin
  3219 | D:4      | Killed Robin
  3484 | D:4      | Noticed Ijyb
  3495 | D:4      | Killed Ijyb
  3573 | D:4      | Gained mutation: You are frail. (-10% HP) [potion of
                  | mutation]
  3573 | D:4      | Gained mutation: You are dopey. (Int -2) [potion of
                  | mutation]
  3573 | D:4      | Gained mutation: You are partially covered in iridescent
                  | scales. (AC +2) [potion of mutation]
  3577 | D:4      | Reached skill level 2 in Axes
  3640 | D:5      | Entered Level 5 of the Dungeon
  3732 | D:5      | Found a glowing silver altar of Zin.
  3759 | D:5      | Noticed Eustachio
  3773 | D:5      | Killed Eustachio
  3774 | D:5      | Reached XP level 8. HP: 70/70 MP: 7/7
  3806 | D:5      | Reached skill level 3 in Axes
  3832 | D:5      | Found a staircase to the Ecumenical Temple.
  4442 | D:6      | Reached skill level 1 in Throwing
  4442 | D:6      | Reached skill level 1 in Stealth
  4459 | D:6      | Identified the +1 leather armour of the Barber Surgeon
                  | {rCorr}
  4484 | D:6      | Found an ornate altar of the Wu Jian Council.
  4490 | D:6      | Reached skill level 4 in Axes
  4792 | D:6      | Reached XP level 9. HP: 42/76 MP: 8/8
  5154 | D:6      | Reached skill level 5 in Axes
  5529 | D:7      | Reached skill level 5 in Fighting
  5929 | D:7      | Noticed Menkaure
  5939 | D:7      | Killed Menkaure
  5940 | D:7      | Reached skill level 5 in Dodging
  6080 | D:7      | Found a shimmering blue altar of Sif Muna.
  6532 | D:8      | Reached skill level 6 in Axes
  6782 | D:8      | Noticed Gastronok
  6813 | D:8      | Killed Gastronok
  6814 | D:8      | Reached skill level 5 in Shields
  6814 | D:8      | Reached XP level 10. HP: 76/88 MP: 9/9
  6928 | D:8      | Noticed a two-headed ogre
  7097 | D:8      | Killed a two-headed ogre
  7098 | D:8      | Reached skill level 7 in Axes
  7287 | D:8      | Noticed a two-headed ogre
  7306 | D:8      | Killed a two-headed ogre
  7483 | D:8      | Identified the +6 chain mail of Dogmatism {rElec}
  7527 | D:8      | Noticed a green ugly thing
  7527 | D:8      | Noticed a centaur warrior
  7527 | D:8      | Noticed a deep elf pyromancer
  7527 | D:8      | Noticed a centaur warrior
  7527 | D:8      | Noticed a two-headed ogre
  7540 | D:8      | Noticed a brown ugly thing
  7599 | D:7      | Killed a green ugly thing
  7600 | D:7      | Reached skill level 8 in Axes
  7628 | D:8      | Killed a centaur warrior
  7690 | D:8      | Reached XP level 11. HP: 94/95 MP: 10/10
  7812 | D:8      | Killed a brown ugly thing
  7860 | D:8      | Killed a centaur warrior
  7866 | D:8      | Killed a deep elf pyromancer
  8243 | D:8      | Killed a two-headed ogre
  9377 | D:10     | Entered Level 10 of the Dungeon
  9594 | D:10     | Found a staircase to the Lair.
  9728 | D:10     | Noticed Maggie
  9737 | D:10     | Killed Maggie
  9810 | D:10     | Found a flagged portal.
  9913 | Bailey   | Entered a bailey
 10043 | Bailey   | Reached skill level 9 in Axes
 10258 | Bailey   | Noticed an orc warlord
 10260 | Bailey   | Noticed an orc knight
 10437 | Bailey   | Annihilated by an orc warlord

Illustrated notes

Levels and vault maps discovered:
D:1:      matt_arrival_spirals, layout_rooms, minmay_misc_feat_nine_boxes,
          minmay_misc_feat_square, minmay_misc_feat_four_crosses,
          corexii_item_surrounded_by_moat, hangedman_feature_mirror,
          grunt_decor_arrowhead
D:2:      layout_basic, uniq_terence
D:3:      layout_loops_ring, biasface_ghost_orc_armoury, minmay_misc_feat_alley,
          minmay_ogre_servants, uniq_natasha
D:4:      layout_basic, chequers_decorated_corner,
          minmay_hollow_rounded_squares, uniq_ijyb, uniq_robin
D:5:      layout_cave_pools, mainiacjoe_overflow_six_doors_small,
          temple_fountains, uniq_eustachio
D:6:      layout_rooms, mainiacjoe_overflow_surrounded_room
D:7:      layout_basic, tgw_sif, grunt_ogre_cave, uniq_menkaure
D:8:      minmay_the_grid_square_5x5_3x3
          [minmay_the_grid_square_5x5_two_walls_a,
          minmay_the_grid_square_5x5_longway,
          minmay_the_grid_square_5x5_inverted_slash,
          minmay_the_grid_square_5x5_minibox,
          minmay_the_grid_square_5x5_megaprize_diamond,
          minmay_the_grid_square_5x5_meh,
          minmay_the_grid_square_5x5_three_walls,
          minmay_the_grid_square_5x5_checkered_statues,
          minmay_the_grid_square_5x5_hollow_slash], layout_loops_ring,
          special_room [special_room_orc], uniq_gastronok
D:9:      layout_basic, kennysheep_boxes
D:10:     layout_roguey, grunt_lair_entry_orc_guard_hut, enter_bailey_3,
          uniq_maggie
Bailey:   bailey_axe_minmay_hex_keep, bailey

Skill      XL: |  1  2  3  4  5  6  7  8  9 10 11 |
---------------+----------------------------------+-----
Maces & Flails | 2 3 4 |  4.7
Fighting       | 3 4 5 6 |  6.9
Dodging        | 3 4 5 6 |  6.9
Shields        | 3 4 5 6 |  6.7
Axes           | 2 4 6 8 9 |  9.1
Throwing       | 1 2 |  2.7
Stealth        | 1 2 3 |  3.1
Crossbows      | |  0.6
Unarmed Combat | |  0.6

Action                   |  1- 3 |  4- 6 |  7- 9 | 10-12 || total
-------------------------+-------+-------+-------+-------++-------
Melee: Flail             |    43 |       |       |       ||    43
       Whip              |    27 |       |       |       ||    27
       Mace              |     9 |   178 |       |       ||   187
       Unarmed           |     8 |       |     4 |       ||    12
       Hand axe          |       |    19 |   335 |   381 ||   735
 Fire: Arbalest          |       |       |       |    11 ||    11
Throw: Large rock        |       |       |    13 |     6 ||    19
       Dart              |       |       |     2 |     1 ||     3
       Boomerang         |       |       |       |     8 ||     8
  Use: Scroll            |     3 |       |    11 |     3 ||    17
       Potion            |       |     1 |     1 |     8 ||    10
 Stab: Sleeping          |       |       |     5 |     1 ||     6
Armor: Robe              |    31 |    73 |   130 |     8 ||   242
       Skin              |       |       |     1 |     6 ||     7
       Steam dragon scal |       |       |       |    98 ||    98
Dodge: Dodged            |    32 |    65 |   135 |   128 ||   360
Block: Kite shield       |    30 |    69 |   147 |   158 ||   404

Table legend: (Time is in decaauts)
 A = Elapsed time spent in this place.
 B = Non-inter-level travel time spent in this place.
 C = Inter-level travel time spent in this place.
 D = Time resting spent in this place.
 E = Time spent auto-exploring this place.
 F = Levels seen in this place.
 G = Mean time per level.
                   A        B        C        D        E       F      G
               +--------+--------+--------+--------+--------+-----+--------+
         Total |  10652 |  10312 |    340 |    278 |   3495 |  11 |  968.4 |
       Dungeon |  10134 |   9794 |    340 |    278 |   3416 |  10 | 1013.4 |
        Bailey |    517 |    517 |      0 |      0 |     79 |   1 |  517.0 |
               +--------+--------+--------+--------+--------+-----+--------+

Top non-repeatable levels by time:
     D:8: 1795 daAuts
     D:3: 1334 daAuts
     D:7: 1163 daAuts
     D:4: 1150 daAuts
     D:9: 1148 daAuts
     D:6: 897 daAuts
     D:5: 847 daAuts
     D:2: 645 daAuts
     D:1: 616 daAuts
    D:10: 536 daAuts
  Bailey: 517 daAuts
